 Dungeon Crawl Stone Soup version 0.18-a0-912-g81d1dc4 (webtiles) character file.

58 filipzpl the Skirmisher (level 3, 30/30 HPs)
             Began as a Demonspawn Berserker on Dec 24, 2015.
             Was a Believer of Trog.
             Quit the game on level 2 of the Dungeon on Dec 25, 2015.
             The game lasted 00:05:15 (2021 turns).

filipzpl the Skirmisher (Demonspawn Berserker)      Turns: 2021, Time: 00:05:16

Health: 30/30      AC: 10    Str: 18    XL:     3   Next: 76%
Magic:  3/3        EV: 10    Int:  8    God:    Trog [**....]
Gold:   65         SH:  0    Dex: 12    Spells: 0 memorised, 2 levels left

rFire  . . .     SeeInvis .     a - +0 spear
rCold  . . .     Gourm    .     l - +0 scale mail
rNeg   . . .     Faith    .     (no shield)
rPois  .         Spirit   .     (no helmet)
rElec  .         Dismiss  .     (no cloak)
rCorr  .         Reflect  .     (no gloves)
SustAt .         Harm     .     (no boots)
MR     .....                    (no amulet)
Stlth  ..........               (no ring)
                                (no ring)

@: not resistant to hostile enchantments, extremely unstealthy
A: iridescent scales 1
a: Berserk, Trog's Hand, Burn Spellbooks, Renounce Religion


You were on level 2 of the Dungeon.
You worshipped Trog.
Trog was pleased with you.
You were not hungry.

You visited 1 branch of the dungeon, and saw 2 of its levels.

You collected 65 gold pieces.

Inventory:

Hand Weapons
 a - a +0 spear (weapon)
Armour
 l - a +0 scale mail (worn)
Scrolls
 b - a scroll of fear {unknown}
 h - 2 scrolls of identify {unknown}
 j - 2 scrolls of enchant armour {unknown}
 m - a scroll of amnesia {unknown}
 n - a scroll of teleportation {unknown}
 o - a scroll of recharging {unknown}
Potions
 d - a potion of lignification {unknown}
 e - a potion of ambrosia {unknown}
 f - 3 potions of magic {unknown}
 g - 2 potions of curing {unknown}
 i - a potion of heal wounds {unknown}
 k - a potion of invisibility {unknown}
Comestibles
 c - a bread ration


   Skills:
 * Level 3.9 Fighting
 * Level 3.6 Polearms
 - Level 1.7 Armour
 - Level 1.7 Dodging


You had 2 spell levels left.
You didn't know any spells.

Dungeon Overview and Level Annotations

Branches:
Dungeon (2/15)

Altars:


Innate Abilities, Weirdness & Mutations

You are partially covered in iridescent scales (AC +4).


Message History

You can't see that place. [the floor.]
Press: ? - help, . - travel You can't see that place. [the floor.]
There is a stone staircase leading down here.
A kobold comes into view. It is wielding a short sword.
Welcome back, filipzpl the Demonspawn Berserker.
Trog says: Kill them all!
Press ? for a list of commands and other information.
Read which item? (? for menu, Esc to quit)
Okay, then.
What do you say? t - Shout!
Orders for allies: a - Attack new target. r - Retreat! s - Stop attacking. w - Wait here. f - Follow me.
Anything else - Stay silent.
Okay, then.
Are you sure you want to abandon this character and quit the game? (Confirm with "yes".)

.........#
#..#..................
...##.##.#
##.#.........#♣.♣.♣.♣.
..###.##.# #.#..)...............
### #..#.# #....................
##.#.####.#..................
#.....##.#..........(.......
#...........................
#...............>..#........
#####..........@#########......#
##....[...K........####
##.######
#...##................###..#
..♣.♣..........####...##((##
...............# ##.....##
♣#♣.♣#♣........# ##....(##
...............# #.......#
♣#♣.♣#♣.##..#######.....).# #.#
#.###...............#


You could see a kobold.

Vanquished Creatures
  2 adders (D:2)
  2 worms (D:2)
  A giant gecko (D:1)
  4 bats
  A giant cockroach (D:1)
  6 goblins
  5 hobgoblins
  2 ball pythons
  2 giant newts
  4 kobolds
  4 rats
  A plant (D:2)
34 creatures vanquished.

Notes
Turn   | Place    | Note
--------------------------------------------------------------
     0 | D:1      | filipzpl the Demonspawn Berserker began the quest for the Orb.
     0 | D:1      | Reached XP level 1. HP: 18/18 MP: 1/1
   170 | D:1      | Gained mutation: You are partially covered in iridescent scales (AC +4). [demonic ancestry]
   170 | D:1      | Reached XP level 2. HP: 24/24 MP: 2/2
  1090 | D:2      | Reached XP level 3. HP: 29/29 MP: 3/3
  1266 | D:2      | Reached ** piety under Trog
  2021 | D:2      | Upgraded the game from 0.18-a0-900-gbbf5c82 to 0.18-a0-912-g81d1dc4
  2021 | D:2      | Quit the game

Vault maps used:
D:1:      onia_arrival_pentagram
D:2:      serial_forest, infiniplex_forest_clump_small,
          infiniplex_forest_lined_4_way, infiniplex_forest_lined_3_way,
          infiniplex_forest_clump_long, infiniplex_forest_clump_long,
          infiniplex_forest_clump_small, infiniplex_forest_lined_3,
          infiniplex_forest_lined_room_2

Action                   || total
-------------------------++-------
Melee: Spear             ||   302
 Stab: Sleeping          ||     1
  Eat: Bread ration      ||     1
       Beef jerky        ||     1
